 Dungeon Crawl Stone Soup version 0.20.1-1-g8b1a95d (webtiles) character file.

504 torrenera the Magician (level 6, -2/32 HPs)
             Began as a Deep Elf Fire Elementalist on Aug 31, 2017.
             Killed by divine providence
             ... invoked by an orc priest
              (13 damage)
             ... on level 4 of the Dungeon on Sept 1, 2017.
             The game lasted 00:10:21 (4059 turns).

torrenera the Magician (Deep Elf Fire Elementalist) Turns: 4059, Time: 00:10:23

Health: -2/32      AC:  5    Str:  5    XL:     6   Next: 96%
Magic:  11/18      EV: 13    Int: 22    God:
Gold:   291        SH:  0    Dex: 15    Spells: 6/19 levels left

rFire    . . .     SeeInvis .   L - +0 morningstar
rCold    . . .     Gourm    .   (no shield)
rNeg     . . .     Faith    .   a - +0 robe
rPois    .         Spirit   .   (no helmet)
rElec    .         Reflect  .   C - +1 cloak
rCorr    .         Harm     .   (no gloves)
MR       .....                  B - +0 pair of boots
Stlth    ++........             (no amulet)
Regen    0.1/turn               (no ring)
MPRegen  0.2/turn               (no ring)

@: no status effects
A: no striking features
a: no special abilities


You were on level 4 of the Dungeon.
You were hungry.

You visited 1 branch of the dungeon, and saw 5 of its levels.

You collected 291 gold pieces.

Inventory:

Hand Weapons
 i - a +0 dagger
 l - a cursed -3 whip
 v - a +3 vampiric dagger
 L - a +0 morningstar (weapon)
Missiles
 h - 28 poisoned needles
 j - 113 stones (quivered)
Armour
 a - a +0 robe (worn)
 B - a +0 pair of boots (worn)
 C - a +1 cloak (worn)
Jewellery
 m - an uncursed amulet of the gourmand {unknown}
 n - a +2 ring of evasion {unknown}
 x - an uncursed ring of fire {unknown}
 y - an uncursed ring of protection from cold {unknown}
 F - an uncursed ring of protection from fire {unknown}
Wands
 s - a wand of flame (11/48)
Scrolls
 d - 2 scrolls of enchant weapon {unknown}
 f - 4 scrolls of enchant armour {unknown}
 k - 5 scrolls of amnesia {unknown}
 o - a scroll of fog {unknown}
 q - 3 scrolls of teleportation {unknown}
 t - 4 scrolls of remove curse {unknown}
 D - a scroll of magic mapping {unknown}
 G - 2 scrolls of identify {unknown}
 K - a scroll of blinking {unknown}
Potions
 e - 2 potions of heal wounds {unknown}
 g - 4 potions of curing {unknown}
 p - a potion of berserk rage {unknown}
 w - 2 potions of lignification {unknown}
 z - 3 potions of haste {unknown}
 E - a potion of agility {unknown}
 H - a potion of magic {unknown}
 J - a potion of cancellation {unknown}
Books
 b - a book of Flames

   Spells                             Type                      Level
   a - Flame Tongue                   Conjuration/Fire             1
   b - Throw Flame                    Conjuration/Fire             2
   c - Conjure Flame                  Conjuration/Fire             3
   d - Inner Flame                    Hexes/Fire                   3
   e - Sticky Flame                   Conjuration/Fire             4
   f - Fireball                       Conjuration/Fire             5
Comestibles
 c - 6 bread rations
 r - a royal jelly
 u - a meat ration
 A - 3 fruits


   Skills:
 - Level 2.4 Dodging
 - Level 2.4 Stealth
 + Level 7.2 Spellcasting
 - Level 1.1 Conjurations
 + Level 6.7 Fire Magic


You had 6 spell levels left.
You knew the following spells:

 Your Spells              Type           Power        Failure   Level  Hunger
a - Flame Tongue          Conj/Fire      ####.        1%          1    None
b - Conjure Flame         Conj/Fire      ####....     4%          3    None
c - Sticky Flame          Conj/Fire      ####....     16%         4    ###....
d - Fireball              Conj/Fire      ####......   41%         5    #####..


Dungeon Overview and Level Annotations

Branches:
Dungeon (5/15)
 Temple: D:4-7

Altars:
Elyvilon
Okawaru
Qazlal
Uskayaw


Message History

Press: ? - help, Shift-Dir - straight line, f/p - orc priest
Aim: an orc priest, wielding a hand axe (heavily wounded)
The flame tongue hits the orc priest.
You kill the orc priest!
The orc priest closely misses you.
You climb upwards.
There is a stone staircase leading down here.
Casting: Flame Tongue
Confirm with . or Enter, or press ? or * to list all spells.
Aiming: Sticky Flame
Press: ? - help, Shift-Dir - straight line, f - orc priest
Aim: an orc priest The sticky flame hits the orc priest.
The orc priest is heavily wounded.
The orc priest is covered in liquid flames!
You are feeling hungry.
The orc priest burns!
The orc priest calls down the wrath of Beogh upon you.
Beogh smites you!
You die...

#........#........#.........
#.................#....##...
#......................##...
#...........................
#......................##.##
#...........................
######......#....................
#...........####)#.#......#.##...
#####...........@................
####..........o[.........#.##...
#................###.##....###..
#####.##.....###.............#..
#.##.....##....#.###.#......
#.##.....##........#.#......
#.##.....##........#.#......
#.##.................#......
##.######.###.#..............


You could see an orc priest (burning).

Vanquished Creatures
  A scorpion (D:4)
  A howler monkey (D:3)
  A hound (D:4)
  An orc wizard (D:4)
  2 orc priests (D:5)
  A bullfrog skeleton (D:5)
  Jessica (D:2)
  A worker ant (D:4)
  2 gnolls
  7 adders
  4 worms
  4 dart slugs
  A leopard gecko (D:3)
  24 orcs
  4 ball pythons
  9 bats
  3 giant cockroaches
  7 goblins
  9 hobgoblins
  12 kobolds
  A quokka (D:3)
  A frilled lizard (D:3)
  9 rats
106 creatures vanquished.

Notes
Turn   | Place    | Note
-------+----------+-------------------------------------------
     0 | D:1      | torrenera the Deep Elf Fire Elementalist began the quest for the Orb.
     0 | D:1      | Reached XP level 1. HP: 10/10 MP: 6/6
   176 | D:1      | Reached XP level 2. HP: 15/15 MP: 4/8
   850 | D:1      | Reached XP level 3. HP: 15/19 MP: 1/10
  1082 | D:2      | Learned a level 3 spell: Conjure Flame
  1253 | D:2      | Reached skill level 4 in Spellcasting
  1337 | D:2      | Noticed Jessica
  1357 | D:2      | Killed Jessica
  1357 | D:2      | Reached XP level 4. HP: 14/24 MP: 8/12
  1378 | D:2      | Found a stormy altar of Qazlal.
  1519 | D:2      | Reached skill level 5 in Fire Magic
  1977 | D:3      | Learned a level 4 spell: Sticky Flame
  2015 | D:3      | Reached skill level 5 in Spellcasting
  2199 | D:3      | Reached XP level 5. HP: 28/28 MP: 10/14
  2212 | D:3      | Found a faded altar of an unknown god.
  2414 | D:3      | Found an iron altar of Okawaru.
  2654 | D:4      | Found a white marble altar of Elyvilon.
  2720 | D:4      | Reached skill level 6 in Spellcasting
  2726 | D:4      | Reached XP level 6. HP: 32/32 MP: 4/17
  3305 | D:4      | Learned a level 5 spell: Fireball
  3384 | D:5      | Entered Level 5 of the Dungeon
  3445 | D:5      | Found a hide-covered altar of Uskayaw.
  3476 | D:5      | Found a hide-covered altar of Uskayaw.
  4007 | D:4      | Reached skill level 7 in Spellcasting
  4059 | D:4      | Killed from afar by an orc priest

Skill      XL: |  1  2  3  4  5  6 |
---------------+-------------------+-----
Fire Magic     | 4 5 6 |  6.7
Spellcasting   | 4 5 6 7 |  7.2
Dodging        | |  2.4
Stealth        | |  2.4
Conjurations   | |  1.1

Action                   |  1- 3 |  4- 6 || total
-------------------------+-------+-------++-------
Melee: Dagger            |    29 |    15 ||    44
       Morningstar       |       |     3 ||     3
Throw: Stone             |     3 |     9 ||    12
 Cast: Flame Tongue      |    60 |   149 ||   209
       Conjure Flame     |       |     2 ||     2
       Sticky Flame      |       |     1 ||     1
 Stab: Sleeping          |     2 |     4 ||     6
  Eat: Chunk             |     1 |     8 ||     9
Armor: Robe              |     9 |    21 ||    30
Dodge: Dodged            |    34 |    64 ||    98
